[Event "Team 45 45 League T28"]
[Site "Internet Chess Club"]
[Date "2005.10.22"]
[Round "6"]
[White "EyeAm"]
[Black "isolani"]
[Result "1/2-1/2"]
[WhiteElo "1389"]
[BlackElo "1470"]
[TimeControl "2700+45"]

1. e4 c5 2. c4 Nc6 3. Nc3 g6 4. Nf3 Bg7 5. d3 d6 6. Be3 Nf6 7. h3 O-O 8. Be2 a6
9. a3 Nd7 10. Qd2 Nde5 11. O-O Bd7 12. Rab1 b5 13. b3 Qa5 14. b4 Qxa3 15. Nd5
bxc4 16. bxc5 cxd3 17. Bd1 Nc4 18. Qc1 Qxc1 19. Rxc1 Nxe3 20. fxe3 dxc5 21. Rxc5
e6 22. Nb6 Ra7 23. Nxd7 Rxd7 24. Rxc6 Rfd8 25. Rxa6 d2 26. Ra2 Bh6 27. Ne5 Rc7
28. Ng4 Bg7 29. e5 Rc3 30. Rf2 Rc1 31. Raxd2 Rxd1+ 32. Rxd1 Rxd1+ 33. Rf1 Rxf1+
34. Kxf1 h5 35. Nf6+ Bxf6 36. exf6 g5 37. e4 Kh7 38. e5 Kg6 39. g4 h4 40. Kf2
Kh7 {Game drawn by mutual agreement} 1/2-1/2

[Event "Team 45 45 League T28"]
[Site "Internet Chess Club"]
[Date "2005.10.22"]
[Round "6"]
[White "syy89"]
[Black "searchforbobby1"]
[Result "0-1"]
[WhiteElo "2078"]
[BlackElo "2120"]
[TimeControl "2700+45"]

1. e4 e6 2. d4 d5 3. e5 c5 4. c3 Nc6 5. Nf3 Qb6 6. a3 c4 7. Nbd2 Na5 8. g3 Bd7
9. Bh3 Ne7 10. O-O h6 11. Ne1 O-O-O 12. f4 g6 13. Ng2 h5 14. Nf3 Nb3 15. Rb1 Kb8
16. Ng5 Be8 17. Ne3 Nf5 18. Qf3 Be7 19. Rf2 Nfxd4 20. cxd4 Nxd4 21. Qd1 Nb3 22.
Kh1 Bc5 23. Re2 h4 24. g4 Bc6 25. Bg2 h3 26. Bf3 Rd7 27. Qe1 Nd4 28. Rf2 Nxf3
29. Nxf3 Qb3 30. Qc3 d4 31. Qxb3 cxb3 32. Nd1 Rh4 33. Bd2 Rxg4 34. Rc1 b6 35.
Rc4 Rg2 36. Nxd4 Rxd4 37. Rxd4 Rxf2+ {White resigns} 0-1

[Event "Team 45 45 League T28"]
[Site "Internet Chess Club"]
[Date "2005.10.23"]
[Round "6"]
[White "gule"]
[Black "alexcolins"]
[Result "0-1"]
[WhiteElo "1829"]
[BlackElo "1882"]
[TimeControl "2700+45"]

1. d4 Nf6 2. c4 e6 3. Nc3 Bb4 4. Qc2 Nc6 5. Nf3 d6 6. a3 Bxc3+ 7. Qxc3 h6 8. e3
O-O 9. Bd3 Re8 10. O-O e5 11. dxe5 Nxe5 12. Nxe5 Rxe5 13. f4 Rh5 14. b4 Ng4 15.
Be2 Rxh2 16. Bb2 Rh1+ {White resigns} 0-1

[Event "Team 45 45 League T28"]
[Site "Internet Chess Club"]
[Date "2005.10.24"]
[Round "6"]
[White "azbycx"]
[Black "chsrules88"]
[Result "1/2-1/2"]
[WhiteElo "1803"]
[BlackElo "1841"]
[TimeControl "2700+45"]

1. d4 e5 2. dxe5 Nc6 3. Nf3 Qe7 4. Bf4 Qb4+ 5. Bd2 Qxb2 6. Nc3 Bc5 7. Rb1 Qa3 8.
Rb3 Qa5 9. Nb5 Nb4 10. Nxc7+ Qxc7 11. Bxb4 Bxb4+ 12. Rxb4 Qc3+ 13. Qd2 Qa1+ 14.
Qd1 {Game drawn by mutual agreement} 1/2-1/2

[Event "Team 45 45 League T28"]
[Site "Internet Chess Club"]
[Date "2005.10.23"]
[Round "6"]
[White "A-Ru"]
[Black "DavidBarnsley"]
[Result "1-0"]
[WhiteElo "1862"]
[BlackElo "1996"]
[TimeControl "2700+45"]

1. d4 e6 2. Nf3 f5 3. d5 exd5 4. Qxd5 d6 5. Nc3 Nf6 6. Qb5+ Nc6 7. Bg5 Be7 8.
Qb3 Na5 9. Qa4+ c6 10. b4 Nc4 11. b5 Nb6 12. Qb3 Ne4 13. Bxe7 Qxe7 14. e3 Be6
15. Qb2 Nc4 16. Bxc4 Bxc4 17. bxc6 bxc6 18. Qb4 d5 19. Qxe7+ Kxe7 20. Nxe4 fxe4
21. Ne5 Rac8 22. Nxc4 dxc4 23. Kd2 Rhf8 24. Rhf1 Rf5 25. Rab1 Rb5 26. Kc3 Rcb8
27. Ra1 Rf8 28. Rad1 Ra5 29. Rd4 Rxa2 30. Rxe4+ Kd6 31. Rxc4 c5 32. f3 Rb8 33.
Rd1+ Kc6 34. Re4 Ra3+ 35. Kd2 Rb7 36. Ke2 Ra2 37. Rd2 a5 38. Re6+ Kb5 39. c4+
{Black resigns} 1-0

[Event "Team 45 45 League T28"]
[Site "Internet Chess Club"]
[Date "2005.10.23"]
[Round "6"]
[White "matman"]
[Black "nightly"]
[Result "1/2-1/2"]
[WhiteElo "1858"]
[BlackElo "1840"]
[TimeControl "2700+45"]

1. e4 c5 2. Nf3 g6 3. d4 cxd4 4. Nxd4 Nc6 5. Nc3 Bg7 6. Be3 Nf6 7. Bc4 Qa5 8.
O-O O-O 9. Bb3 d6 10. h3 Bd7 11. f4 Nxd4 12. Bxd4 Bc6 13. Qe2 Rad8 14. Rad1 Nd7
15. Bxg7 Kxg7 16. a3 Nc5 17. Ba2 Na4 18. Nxa4 Qxa4 19. Bd5 e6 20. Bxc6 Qxc6 21.
Kh1 d5 22. exd5 Rxd5 {Game drawn by mutual agreement} 1/2-1/2

[Event "Team 45 45 League T28"]
[Site "Internet Chess Club"]
[Date "2005.10.23"]
[Round "6"]
[White "jongalt97"]
[Black "Div-anand"]
[Result "0-1"]
[WhiteElo "1622"]
[BlackElo "1873"]
[TimeControl "2700+45"]

1. d4 Nf6 2. c4 g6 3. Nc3 Bg7 4. e4 d6 5. f3 e5 6. Nge2 exd4 7. Nxd4 O-O 8. Be2
c6 9. Be3 Re8 10. Qd2 d5 11. cxd5 cxd5 12. exd5 Nxd5 13. Nxd5 Qxd5 14. Rd1 Nc6
15. Nxc6 Qxc6 16. Kf2 Bf5 17. Qc1 Qxc1 18. Bxc1 Rac8 19. Rhe1 a6 20. b3 Rc2 21.
Rd2 Rec8 22. Rxc2 Rxc2 23. Be3 Rxa2 24. Kf1 Ra1 25. Rxa1 Bxa1 26. Bc4 b5 27. Bd5
Bc2 28. Ke2 Bc3 29. Bd2 Be5 30. h3 Kf8 31. b4 Bf5 32. Bb7 Be6 33. Bxa6 Bc4+ 34.
Kf2 Ke7 35. Bb7 f5 36. f4 Bd6 37. g3 Ke6 38. Bc6 Be7 39. Ke3 Kd6 40. Bf3 Bd5 41.
Bxd5 Kxd5 42. Kd3 Bf6 43. g4 h5 44. g5 Bd4 45. Bc1 Bb6 46. Bd2 Bc7 47. Bc1 Bb8
48. Bd2 Bd6 49. Kc3 Ke4 50. Bc1 Bxf4 51. Bxf4 Kxf4 52. Kd4 Kg3 53. Kc5 f4 54.
Kxb5 f3 55. Kc6 f2 56. b5 f1=Q 57. b6 Qc4+ 58. Kb7 Kxh3 {White resigns} 0-1

[Event "Team 45 45 League T28"]
[Site "Internet Chess Club"]
[Date "2005.10.20"]
[Round "6"]
[White "Lug"]
[Black "nightly"]
[Result "1-0"]
[WhiteElo "1999"]
[BlackElo "1839"]
[TimeControl "2700+45"]

1. e4 c5 2. Nc3 g6 3. g3 Bg7 4. Bg2 Nc6 5. d3 d6 6. Be3 Rb8 7. Qd2 Nf6 8. h3 Nd4
9. Nce2 b5 10. Nxd4 cxd4 11. Bxd4 Qc7 12. Nf3 O-O 13. O-O e5 14. Be3 a6 15. Rac1
Bb7 16. c4 Qd7 17. b3 Rfc8 18. Rc2 Ne8 19. Rfc1 f5 20. Ne1 Nf6 21. cxb5 axb5 22.
Rxc8+ Rxc8 23. Rxc8+ Qxc8 24. exf5 Bxg2 25. Kxg2 gxf5 26. Qb4 Qb7+ 27. Kg1 Bf8
28. a4 f4 29. gxf4 Nd5 30. Qxb5 Qg7+ 31. Kh2 Nxf4 32. Bxf4 exf4 33. Qd5+ Kh8 34.
Nf3 Qb2 35. Qd4+ {Black resigns} 1-0

[Event "Team 45 45 League T28"]
[Site "Internet Chess Club"]
[Date "2005.10.25"]
[Round "6"]
[White "Rlopez"]
[Black "ardsrfc"]
[Result "0-1"]
[WhiteElo "1715"]
[BlackElo "1840"]
[TimeControl "2700+45"]

1. d4 Nf6 2. c4 g6 3. Nc3 Bg7 4. e4 d6 5. Nf3 O-O 6. h3 e5 7. d5 Nbd7 8. Bg5 h6
9. Be3 a5 10. Bd3 Nc5 11. O-O Ne8 12. Ne1 f5 13. f3 f4 14. Bf2 Bf6 15. b3 Ng7
16. a3 Nh5 17. Ne2 Bh4 18. b4 Bxf2+ 19. Rxf2 axb4 20. axb4 Rxa1 21. Qxa1 Nxd3
22. Nxd3 Qg5 23. Kh1 Ng3+ 24. Nxg3 fxg3 25. Re2 Qh4 26. Qf1 g5 27. Ra2 Qxe4 28.
Ra8 Qxc4 29. Qd1 Qxd5 30. Qe2 Qd4 31. Qa2+ d5 32. Qb3 Bf5 33. Rxf8+ Kxf8 {White
resigns} 0-1

[Event "Team 45 45 League T28"]
[Site "Internet Chess Club"]
[Date "2005.10.21"]
[Round "6"]
[White "tarheels"]
[Black "David-Carioca"]
[Result "1-0"]
[WhiteElo "1718"]
[BlackElo "1554"]
[TimeControl "2700+45"]

1. e4 e6 2. d4 d5 3. Nd2 dxe4 4. Nxe4 Nd7 5. Nf3 Be7 6. Bd3 Ngf6 7. O-O Nxe4 8.
Bxe4 c5 9. d5 Nf6 10. Bd3 Nxd5 11. Bd2 Bd7 12. Re1 Bc6 13. Ne5 Qc7 14. c4 Nf6
15. Bb1 Nd7 16. Bc3 Bf6 17. f4 O-O-O 18. Nxf7 Bxc3 19. bxc3 Nf6 20. Nxd8 Rxd8
21. Qe2 Qxf4 22. Qxe6+ Rd7 23. Bf5 Qg5 24. g3 Qd2 25. Qe2 Qxc3 26. Bxd7+ Nxd7
27. Rac1 Qd4+ 28. Qf2 {Black resigns} 1-0

[Event "Team 45 45 League T28"]
[Site "Internet Chess Club"]
[Date "2005.10.23"]
[Round "6"]
[White "rph"]
[Black "Boromir"]
[Result "1/2-1/2"]
[WhiteElo "1824"]
[BlackElo "1845"]
[TimeControl "2700+45"]

1. d4 Nf6 2. c4 c5 3. d5 b5 4. cxb5 a6 5. bxa6 Bxa6 6. Nc3 d6 7. g3 g6 8. Bg2
Bg7 9. Rb1 Nbd7 10. b3 O-O 11. Bb2 Qa5 12. Nh3 Nxd5 13. Bxd5 Bxc3+ 14. Bxc3
Qxc3+ 15. Qd2 Qxd2+ 16. Kxd2 Ra7 17. Rb2 Rb8 18. Rhb1 Bb7 19. Nf4 Nb6 20. Bxb7
Raxb7 21. Kc2 e6 22. e4 d5 23. exd5 Nxd5 24. Nxd5 exd5 25. Re1 f5 26. Re5 Rd7
27. a4 Kf7 28. a5 Kf6 29. f4 Ra8 30. Ra2 Ra6 31. Kd3 Rd8 32. Kc2 Rd7 {Game drawn
by mutual agreement} 1/2-1/2

[Event "Team 45 45 League T28"]
[Site "Internet Chess Club"]
[Date "2005.10.26"]
[Round "6"]
[White "pokerram"]
[Black "cayo89"]
[Result "1/2-1/2"]
[WhiteElo "1637"]
[BlackElo "1645"]
[TimeControl "2700+45"]

1. d4 d5 2. c4 c6 3. Nf3 Nf6 4. Nc3 dxc4 5. e4 b5 6. b4 e6 7. a3 a6 8. Bg5 Be7
9. Bxf6 Bxf6 10. e5 Be7 11. Be2 Nd7 12. Nd2 Nb6 13. Nde4 Nd5 14. Nxd5 exd5 15.
Nc5 Bxc5 16. bxc5 Qa5+ 17. Qd2 Qxd2+ 18. Kxd2 a5 19. g4 Be6 20. f4 g6 21. Rhf1
O-O 22. f5 Bd7 23. h4 Kg7 24. f6+ {Game drawn by mutual agreement} 1/2-1/2

[Event "Team 45 45 League T28"]
[Site "Internet Chess Club"]
[Date "2005.10.24"]
[Round "6"]
[White "billarvola"]
[Black "softbunney"]
[Result "1/2-1/2"]
[WhiteElo "2013"]
[BlackElo "2105"]
[TimeControl "2700+45"]

1. e4 c5 2. Nf3 Nc6 3. d4 cxd4 4. Nxd4 Nf6 5. Nc3 e5 6. Nde2 Bb4 7. a3 Bc5 8.
Ng3 d6 9. Na4 O-O 10. Nxc5 dxc5 11. Qxd8 Rxd8 12. c3 Be6 13. Be3 b6 14. Bb5 Na5
15. f3 Rd6 16. Rd1 Rad8 17. Rxd6 Rxd6 18. Kf2 c4 19. Ba4 Nb3 20. Bxb3 cxb3 21.
Ke2 Bc4+ 22. Kf2 g6 23. Nf1 Nd7 24. Nd2 Be6 25. Ke2 Nb8 26. Rc1 Nc6 27. c4 Na5
28. c5 Rc6 29. Kd1 b5 30. Ke2 f6 31. Kd3 Kf7 32. Kc3 Nc4 {Game drawn by mutual
agreement} 1/2-1/2

[Event "Team 45 45 League T28"]
[Site "Internet Chess Club"]
[Date "2005.10.23"]
[Round "6"]
[White "DeLaSalle"]
[Black "vvsi"]
[Result "1-0"]
[WhiteElo "2007"]
[BlackElo "1827"]
[TimeControl "2700+45"]

1. d4 Nf6 2. Nf3 e6 3. e3 c5 4. Bd3 Nc6 5. c3 cxd4 6. exd4 g6 7. Bg5 h6 8. Bh4
g5 9. Bg3 Nh5 10. Nbd2 Nxg3 11. fxg3 Bg7 12. O-O Qb6 13. Nc4 Qc7 14. Qe2 d5 15.
Nce5 Nxe5 16. Nxe5 Bxe5 17. dxe5 Qb6+ 18. Kh1 Bd7 19. Rf6 Ke7 20. Raf1 Raf8 21.
b3 h5 22. Qf3 Be8 23. Bg6 Rh6 24. Bxf7 Rxf6 25. Qxf6+ Kd7 26. Bxe6+ Qxe6 27.
Qxf8 Qxe5 28. Qf5+ {Black resigns} 1-0

[Event "Team 45 45 League T28"]
[Site "Internet Chess Club"]
[Date "2005.10.20"]
[Round "6"]
[White "kabindra"]
[Black "tgralex"]
[Result "1/2-1/2"]
[WhiteElo "1728"]
[BlackElo "1784"]
[TimeControl "2700+45"]

1. e4 e5 2. Nf3 Nc6 3. Bc4 Bc5 4. Nc3 Nge7 5. Ng5 d5 6. Nxd5 Na5 7. d3 Nxc4 8.
dxc4 h6 9. Nf3 Ng6 10. O-O O-O 11. b4 Be7 12. Nxe7+ Qxe7 13. a4 Bg4 14. b5 Nh4
15. Ba3 Nxf3+ 16. Qxf3 Bxf3 17. Bxe7 Rfe8 18. gxf3 Rxe7 19. Rad1 a6 20. Ra1 Rd7
21. Rfd1 Rxd1+ 22. Rxd1 axb5 23. cxb5 Rxa4 24. Rb1 Rc4 25. Rb2 Rc3 26. Kg2 Kf8
27. Kg3 Ke7 28. Kg4 g6 29. h4 h5+ 30. Kg3 b6 31. Kg2 Ke6 32. Ra2 f5 33. Rb2 Rc4
34. exf5+ Kxf5 35. Kg3 Rc3 36. Kg2 Rc4 37. Kg3 Rc3 {Game drawn by mutual
agreement} 1/2-1/2

[Event "Team 45 45 League T28"]
[Site "Internet Chess Club"]
[Date "2005.10.23"]
[Round "6"]
[White "akdog3"]
[Black "Zillmer"]
[Result "1-0"]
[WhiteElo "2186"]
[BlackElo "2101"]
[TimeControl "2700+45"]

1. e4 e6 2. d4 d5 3. Nc3 Bb4 4. a3 Bxc3+ 5. bxc3 dxe4 6. f3 b6 7. Nh3 Bb7 8.
Bb5+ c6 9. Be2 c5 10. O-O Ne7 11. fxe4 Bxe4 12. Ng5 Bg6 13. Bd3 O-O 14. Bxg6
hxg6 15. Qf3 {Black resigns} 1-0

[Event "Team 45 45 League T28"]
[Site "Internet Chess Club"]
[Date "2005.10.22"]
[Round "6"]
[White "andy4226uk"]
[Black "Egmont"]
[Result "1-0"]
[WhiteElo "1825"]
[BlackElo "1782"]
[TimeControl "2700+45"]

1. e4 c5 2. Nf3 Nc6 3. d4 cxd4 4. Nxd4 g6 5. c4 Bg7 6. Be3 Nf6 7. Nc3 Ng4 8.
Qxg4 Nxd4 9. Qd1 Ne6 10. Rc1 Qa5 11. Bd3 d6 12. a3 O-O 13. O-O Bd7 14. f4 Nd4
15. Bb1 Nc6 16. Qd2 f5 17. Qf2 fxe4 18. Nxe4 Ne5 19. Qh4 Ng4 20. Bd2 Qb6+ 21. c5
Bd4+ 22. Kh1 Qxb2 23. Qxe7 Bb5 24. Ng5 Bg7 25. Bc3 Nf2+ 26. Kg1 Nh3+ 27. gxh3
Bd4+ 28. Bxd4 Qxd4+ 29. Rf2 Rxf4 30. Qxh7+ {Black resigns} 1-0

[Event "Team 45 45 League T28"]
[Site "Internet Chess Club"]
[Date "2005.10.22"]
[Round "6"]
[White "WhoKilledJFK"]
[Black "az2112"]
[Result "1-0"]
[WhiteElo "1883"]
[BlackElo "1657"]
[TimeControl "2700+45"]

1. e4 c5 2. Nf3 Nc6 3. Bb5 g6 4. O-O Bg7 5. c3 d6 6. d4 cxd4 7. cxd4 Bd7 8. Nc3
a6 9. Bxc6 bxc6 10. Bf4 Nf6 11. e5 Nh5 12. Be3 O-O 13. h3 Qc8 14. Kh2 dxe5 15.
dxe5 Rd8 16. Qe2 Qc7 17. g4 Nf6 18. Rac1 Qb8 19. Bc5 Bxg4 20. hxg4 Nxg4+ 21. Kg2
Nxe5 22. Nxe5 Bxe5 23. Rcd1 Bxc3 24. Rxd8+ Qxd8 25. bxc3 Qa5 26. Qxe7 Qxc3 27.
Rd1 h5 28. Rd8+ Rxd8 29. Qxd8+ Kh7 30. Bd4 {Black resigns} 1-0

[Event "Team 45 45 League T28"]
[Site "Internet Chess Club"]
[Date "2005.10.22"]
[Round "6"]
[White "pokerram"]
[Black "Avedldesierto"]
[Result "0-1"]
[WhiteElo "1637"]
[BlackElo "1703"]
[TimeControl "2700+45"]

1. d4 Nf6 2. c4 g6 3. Nc3 d6 4. e4 Bg7 5. Nf3 Bg4 6. Be2 Nc6 7. Be3 a6 8. h3 Bc8
9. a4 O-O 10. O-O e6 11. Qd2 e5 12. d5 Na5 13. Rab1 b6 14. b4 Nb7 15. Ne1 Bd7
16. Ra1 c5 17. b5 a5 18. f4 exf4 19. Rxf4 g5 20. Rf3 g4 21. hxg4 Nxg4 22. Rg3
Nxe3 23. Qxe3 Kh8 24. Nf3 f5 25. e5 f4 26. Qf2 fxg3 27. Qxg3 Rg8 28. Qh2 dxe5
29. Bd3 h6 30. Nxe5 Rf8 31. Ng6+ Kg8 32. Re1 Re8 33. Rxe8+ Qxe8 34. Ne2 Qe3+ 35.
Kh1 Qxd3 36. Ne7+ Kh8 37. Qh5 Be8 38. Qg4 Nd6 39. Nf4 Qe4 40. Qg3 Qxe7 41. Ne6
Ne4 42. Qf4 Ng5 43. Nxg7 Qxg7 44. Qd6 Qg6 45. Qf8+ Kh7 46. Qe7+ Bf7 47. d6 Re8
48. Qc7 Re1+ 49. Kh2 Qh5+ 50. Kg3 Ne4+ 51. Kf4 Qg5+ {White resigns} 0-1

[Event "Team 45 45 League T28"]
[Site "Internet Chess Club"]
[Date "2005.10.23"]
[Round "6"]
[White "MoluscoGrotesco"]
[Black "AVEMARIA"]
[Result "1/2-1/2"]
[WhiteElo "1642"]
[BlackElo "1592"]
[TimeControl "2700+45"]

1. f4 d5 2. Nf3 Nf6 3. e3 e6 4. Be2 c5 5. O-O Be7 6. c3 O-O 7. d4 Nbd7 8. Ne5
Qb6 9. a4 c4 10. Nd2 Ne8 11. a5 Qc7 12. Bg4 Ndf6 13. Qf3 Nd6 14. Qh3 Nxg4 15.
Nxg4 f6 16. Qf3 Bd7 17. Qe2 Be8 18. Nf2 Bg6 19. e4 dxe4 20. Nfxe4 Nxe4 21. Nxe4
Qc6 22. Nf2 Rae8 23. Qd1 Bd6 24. b4 cxb3 25. Qxb3 Kh8 26. Ba3 Bxa3 27. Rxa3 Bf7
28. Qb4 Kg8 29. Nd3 b6 30. axb6 axb6 31. Ra6 Qe4 32. Nf2 Qxf4 33. Rxb6 e5 34.
dxe5 Qxe5 35. Qd4 Qxd4 36. cxd4 Re2 37. Rbb1 Bd5 38. Rfe1 Rfe8 39. Rxe2 Rxe2 40.
Kf1 Bc4 41. Kg1 Rd2 42. Rd1 Rxd1+ 43. Nxd1 Kf7 44. Kf2 Ke6 45. Ke3 Bd5 46. g3 g5
47. Nf2 f5 48. Nd3 Kd6 49. Ne5 Ke6 50. Nd3 Kf6 51. Ne5 Ke6 52. Nd3 Kf6 53. Ne5
Ke6 54. Nd3 {Game drawn by repetition} 1/2-1/2

[Event "Team 45 45 League T28"]
[Site "Internet Chess Club"]
[Date "2005.10.29"]
[Round "6"]
[White "GadsHill"]
[Black "nona"]
[Result "1-0"]
[WhiteElo "1601"]
[BlackElo "1520"]
[TimeControl "2700+45"]

1. d4 g6 2. c4 Bg7 3. Nc3 d6 4. e4 Nd7 5. Nf3 e5 6. d5 Ngf6 7. Bg5 a6 8. b4 O-O
9. Be2 Re8 10. Nd2 c5 11. dxc6 bxc6 12. O-O Qc7 13. Rc1 Nf8 14. Nb3 Ne6 15. Be3
Bb7 16. a4 Rad8 17. a5 d5 18. Bb6 Qd6 19. Bxd8 Rxd8 20. c5 Qd7 21. Qc2 d4 22.
Rfd1 Qe7 23. Na4 Nf4 24. Bd3 Bh6 25. Rb1 Qe6 26. f3 Qe7 27. Nb6 Nd7 28. Nc4 Bc8
29. Nd6 Nb8 30. Bc4 Ne6 31. Qd3 Be3+ 32. Kh1 Rf8 33. Nxc8 Rxc8 34. Bxa6 Nf4 35.
Qf1 Rd8 36. Bd3 Qg5 37. a6 Kh8 38. Na5 Rc8 39. Nb7 Nd7 40. Nd6 Kg7 41. Nxc8
{Black resigns} 1-0

[Event "Team 45 45 League T28"]
[Site "Internet Chess Club"]
[Date "2005.10.23"]
[Round "6"]
[White "Knight77"]
[Black "Lyko"]
[Result "1-0"]
[WhiteElo "1840"]
[BlackElo "1419"]
[TimeControl "2700+45"]

1. Nf3 Nf6 2. g3 g6 3. Bg2 Bg7 4. O-O O-O 5. d3 d5 6. Nbd2 c6 7. e4 dxe4 8. Nxe4
Nxe4 9. dxe4 Bg4 10. c3 Qd7 11. Be3 f5 12. Qb3+ Kh8 13. Ng5 Rf6 14. Nf7+ Rxf7
15. Qxf7 fxe4 16. Bxe4 Bh3 17. Rfd1 Qg4 18. Rd8+ Bf8 19. Rxf8# {Black
checkmated} 1-0

[Event "Team 45 45 League T28"]
[Site "Internet Chess Club"]
[Date "2005.10.23"]
[Round "6"]
[White "rabanito"]
[Black "UneasyKing"]
[Result "1-0"]
[WhiteElo "1496"]
[BlackElo "1446"]
[TimeControl "2700+45"]

1. e4 c5 2. Nf3 g6 3. d4 cxd4 4. Nxd4 Bg7 5. Nc3 e6 6. Be3 b6 7. f3 Bb7 8. Ndb5
d5 9. exd5 a6 10. Na3 exd5 11. Qe2 Ne7 12. O-O-O O-O 13. Qd2 Qd6 14. Nc4 Qc6 15.
Nxb6 Nd7 16. Nxa8 Rxa8 17. Bd4 Nf6 18. g4 Nxg4 19. fxg4 Qe6 20. Bxg7 Kxg7 21.
Qd4+ f6 22. Bg2 Nc6 23. Qxd5 Qe3+ 24. Qd2 Qb6 25. Rhe1 Rd8 26. Qe2 Rxd1+ 27.
Rxd1 Qc7 28. Qd2 Kh8 29. Bxc6 Bxc6 30. Qd8+ {Black resigns} 1-0

[Event "Team 45 45 League T28"]
[Site "Internet Chess Club"]
[Date "2005.10.23"]
[Round "6"]
[White "houseofcook"]
[Black "Creecher"]
[Result "1-0"]
[WhiteElo "1395"]
[BlackElo "1472"]
[TimeControl "2700+45"]

1. e4 c5 2. d4 cxd4 3. c3 dxc3 4. Nxc3 d6 5. Bc4 a6 6. a4 Nf6 7. e5 Ng4 8. e6
Ne5 9. exf7+ Nxf7 10. Qf3 e6 11. Qe2 Ne5 12. Nf3 Nxc4 13. Qxc4 Be7 14. O-O O-O
15. Qg4 Kh8 16. Ng5 Bxg5 17. Bxg5 Qb6 18. Qe2 Nc6 19. Rad1 Nb4 20. Be3 Qc6 21.
Rd4 Nd5 22. Rc4 Nxc3 23. bxc3 Qe8 24. Qc2 Bd7 25. Rh4 g6 26. Rd1 Qe7 27. Rhd4 d5
28. Qb3 Bc6 29. Qb4 Qxb4 30. Rxb4 a5 31. Rb6 Bxa4 32. Re1 Bc6 33. Bd4+ Kg8 34.
Rxe6 a4 35. Re7 a3 36. Rg7+ Kh8 37. Rgxb7+ Kg8 38. Rg7+ Kh8 39. Rxg6+ {Black
resigns} 1-0

[Event "Team 45 45 League T28"]
[Site "Internet Chess Club"]
[Date "2005.10.24"]
[Round "6"]
[White "Knight-Rookie"]
[Black "houseofcook"]
[Result "1-0"]
[WhiteElo "1314"]
[BlackElo "1374"]
[TimeControl "2700+45"]

1. e4 e6 2. d4 d5 3. e5 c5 4. c3 Nc6 5. Be3 cxd4 6. cxd4 Qb6 7. Qd2 Bd7 8. f4
Nge7 9. Nf3 Nf5 10. Bf2 Rc8 11. Be2 Be7 12. O-O O-O 13. Nc3 Bb4 14. Rfb1 a6 15.
a3 Be7 16. b4 Na7 17. Bd3 Bb5 18. Bxf5 exf5 19. Nxd5 Qd8 20. Nxe7+ Qxe7 21. d5
b6 22. Bxb6 Qb7 23. Bc5 Rfd8 24. d6 Bd7 25. Qf2 Nc6 26. a4 Ra8 27. Rb3 Be6 28.
Rc3 Nxb4 29. Rb1 a5 30. Bxb4 axb4 31. Rc7 Qe4 32. Nd2 Qd5 33. Rxb4 Qa5 34. Rcb7
h6 35. Qb6 Qxb6+ 36. R7xb6 Rac8 37. h3 Rc1+ 38. Kh2 Rc2 39. Nf3 Ra2 40. Nd4 Bd5
41. Rb2 Rxa4 42. Nxf5 Rxf4 43. Ne7+ Kh7 44. Nxd5 Re4 45. Rb8 Rd7 46. R2b7 Rxb7
47. Rxb7 Rd4 48. Ne7 Rd5 49. Nc6 Kg6 {Black resigns} 1-0

[Event "Team 45 45 League T28"]
[Site "Internet Chess Club"]
[Date "2005.10.25"]
[Round "6"]
[White "mwm913"]
[Black "jientho"]
[Result "1/2-1/2"]
[WhiteElo "1355"]
[BlackElo "1394"]
[TimeControl "2700+45"]

1. e4 e5 2. Nf3 Nf6 3. Nc3 Bb4 4. Nxe5 O-O 5. d3 d5 6. a3 Bxc3+ 7. bxc3 dxe4 8.
d4 Re8 9. Bc4 Be6 10. Bxe6 Rxe6 11. Be3 Nd5 12. Qh5 Re7 13. Bd2 Nd7 14. c4 N5f6
15. Qf5 c5 16. Nxd7 Rxd7 17. d5 b5 18. O-O bxc4 19. d6 Rxd6 20. Bf4 Rd5 21. Qh3
Qc8 22. Qc3 Qa6 23. Be5 Re8 24. Bxf6 Qxf6 25. Qxc4 Qd4 26. Qb5 Red8 27. Kh1 c4
28. Qb4 e3 29. fxe3 Qxe3 30. Qxc4 Qd4 31. Qxd4 Rxd4 32. Rac1 Ra4 33. Ra1 Rd2 34.
Rfb1 g6 35. c3 Rc2 36. Rb3 Rc4 37. Rbb1 R4xc3 38. h3 Rd3 39. Rd1 Rg3 40. Rd8+
Kg7 41. Rg1 Rcc3 42. a4 Rc4 43. a5 Rg5 44. Ra1 Rc2 45. Rd7 Rgxg2 46. Rxa7 Rh2+
47. Kg1 Rhg2+ 48. Kh1 Rh2+ 49. Kg1 Rhg2+ {Game drawn by mutual agreement}
1/2-1/2

[Event "Team 45 45 League T28"]
[Site "Internet Chess Club"]
[Date "2005.10.21"]
[Round "6"]
[White "hotzoddy"]
[Black "NineMilly"]
[Result "1-0"]
[WhiteElo "1270"]
[BlackElo "1168"]
[TimeControl "2700+45"]

1. e4 e6 2. Nf3 Nf6 3. Nc3 Be7 4. e5 Ng8 5. d4 h6 6. Be2 c5 7. O-O Qb6 8. b3
cxd4 9. Nxd4 Nc6 10. Nxc6 bxc6 11. Re1 d5 12. Bf3 Bb4 13. Bd2 Bxc3 14. Bxc3 Ba6
15. Rb1 Ne7 16. Bd4 Qb4 17. Be3 Nf5 18. Bd2 Qa3 19. Ra1 O-O 20. b4 Bc4 21. Qc1
Qa4 22. a3 f6 23. exf6 Rxf6 24. c3 Raf8 25. Be2 Bb3 26. Rf1 Bc2 27. Bd1 Bxd1 28.
Qxd1 Qb5 29. a4 Qb6 30. a5 Qb5 31. Qe1 Qd3 32. Rd1 Qb5 33. Be3 Qb8 34. Qe2 Nxe3
35. Qxe3 a6 36. Ra1 Qb5 37. Qb6 Qc4 38. Qd4 Qb5 39. Rac1 Rc8 40. Qb6 Qc4 41. Qd4
Qb5 42. Qe3 c5 43. Rb1 cxb4 44. cxb4 Rc6 45. Rfc1 Rxc1+ 46. Qxc1 Qe2 47. Qf1 Qe4
48. b5 e5 49. b6 Rxf2 50. Kxf2 Qc2+ 51. Kg1 Qc5+ 52. Qf2 Qc8 53. b7 Qb8 54. Qc5
Kh7 55. Qxd5 Qa7+ 56. Rb6 Qb8 57. Qe4+ Kg8 58. Rxa6 Qc7 59. Ra8+ Kf7 60. b8=Q
Qc1+ 61. Kf2 Qd2+ 62. Qe2 Qf4+ 63. Qf3 Qf6 64. Qxf6+ gxf6 65. Ra7+ Ke6 66. Qb6+
Kf5 67. Qb1+ Ke6 68. Qd1 Kf5 69. Rd7 h5 70. a6 h4 71. a7 e4 72. a8=Q Kf4 73.
Qb8+ Kf5 74. Rd5+ Kg6 75. Qg8+ {Black resigns} 1-0

[Event "Team 45 45 League T28"]
[Site "Internet Chess Club"]
[Date "2005.10.22"]
[Round "6"]
[White "PocketChange"]
[Black "slakkjaw"]
[Result "1-0"]
[WhiteElo "1219"]
[BlackElo "1236"]
[TimeControl "2700+45"]

1. e4 e5 2. Nf3 Nc6 3. Bc4 h6 4. d4 Nf6 5. Nc3 Bb4 6. a3 exd4 7. Nxd4 Bxc3+ 8.
bxc3 Nxe4 9. Qf3 d5 10. Bb3 Ne5 11. Qe3 c6 12. O-O Qd6 13. f3 Ng5 14. f4 Nh3+
15. gxh3 Qg6+ 16. Kh1 O-O 17. fxe5 Be6 18. Qf3 Qe4 19. Qxe4 dxe4 20. Nxe6 fxe6
21. Bxe6+ Kh8 22. Rxf8+ Rxf8 23. Be3 Re8 24. Bg4 Rxe5 25. Bxa7 e3 26. Re1 Ra5
27. Bxe3 Rxa3 28. Bf5 Ra8 29. Bg6 Rf8 30. Bc5 {Black resigns} 1-0

[Event "Team 45 45 League T28"]
[Site "Internet Chess Club"]
[Date "2005.10.22"]
[Round "6"]
[White "Mutaant"]
[Black "Manimal007"]
[Result "0-1"]
[WhiteElo "1250"]
[BlackElo "1280"]
[TimeControl "2700+45"]

1. e4 c5 2. Bc4 Nc6 3. Nc3 Nf6 4. Nf3 e6 5. a3 d5 6. exd5 exd5 7. Bb5 d4 8. Ne2
Be7 9. h3 O-O 10. Bxc6 bxc6 11. d3 Be6 12. Bf4 Nd5 13. Bh2 a5 14. Qd2 Nb6 15.
O-O-O Qd5 16. b3 a4 17. Nf4 Qd7 18. Ne5 Qd6 19. Nxe6 Qxe6 20. Kb2 axb3 21. cxb3
Rxa3 22. Kxa3 c4+ 23. Kb2 c3+ 24. Qxc3 dxc3+ 25. Kxc3 Bf6 26. Rhe1 Re8 27. Kc2
Bxe5 28. Rxe5 Qc8 29. Rde1 Rxe5 30. Rxe5 f6 31. Re2 Nd5 32. g4 Nb4+ 33. Kc3 Nd5+
34. Kc2 Qa6 35. Kb1 Qxd3+ {White resigns} 0-1

[Event "Team 45 45 League T28"]
[Site "Internet Chess Club"]
[Date "2005.10.20"]
[Round "6"]
[White "Schach-Prinz"]
[Black "pk4"]
[Result "1-0"]
[WhiteElo "1291"]
[BlackElo "1220"]
[TimeControl "2700+45"]

1. d4 e6 2. c4 h6 3. e3 Nf6 4. Nf3 Bb4+ 5. Bd2 Bxd2+ 6. Nbxd2 Qe7 7. a3 d5 8.
Bd3 dxc4 9. Bxc4 Bd7 10. O-O Qd6 11. Ne5 Nc6 12. Nxd7 Qxd7 13. Nf3 h5 14. Qb3
Na5 15. Qb4 b6 16. Ne5 Qe7 17. Bb5+ Kd8 18. Qc3 a6 19. Bc6 Rc8 20. b4 Nd5 21.
Qc2 Nxb4 22. axb4 Qxb4 23. Bb7 Qf8 24. Bxc8 Kxc8 25. Rfc1 Qd6 26. Nxf7 {Black
resigns} 1-0